 Dungeon Crawl Stone Soup version 0.31.0-11-ge490571c62 (webtiles) character file.

Game seed: 9573102671627748088

83300 groovy9 the Severer (level 15, 126/126 HPs)
             Began as a Hill Orc Fighter on Jan 31, 2024.
             Was a High Priest of Nemelex Xobeh.
             Quit the game on level 13 of the Dungeon on Feb 10, 2024.
             The game lasted 01:30:33 (28313 turns).

groovy9 the Severer (Hill Orc Fighter)             Turns: 28313, Time: 01:30:34

Health: 126/126    AC: 24    Str: 27    XL:     15   Next: 76%
Magic:  25/25      EV: 22    Int:  3    God:    Nemelex Xobeh [*****.]
Gold:   876        SH: 13    Dex: 16    Spells: 14/14 levels left

rFire   + + +        t - +1 war axe (flame)
rCold   . . .        i - +0 kite shield
rNeg    . . .        N - +0 plate armour of Caxucilo {rPois rCorr}
rPois   +            X - +0 helmet
rElec   .            y - scarf {repulsion}
rCorr   +            m - +2 pair of gloves
SInv    .            w - +2 pair of boots
Will    +....        z - amulet of the acrobat Stlth
                     F - ring of flight
HPRegen 0.41/turn    H - ring "Juen" {+Blink rF++ Int-5 Dex+6 Stlth+}
MPRegen 0.19/turn

%: repel missiles, acrobat, clarity
@: acrobatic, flying
A: clarity, fire resistance 1, frail 1
a: Renounce Religion, Evoke Blink, Draw Escape, Draw Destruction, Draw
Summoning, Triple Draw, Deal Four, Stack Five


You were on level 13 of the Dungeon.
You worshipped Nemelex Xobeh.
Nemelex Xobeh was extremely pleased with you.
You visited 4 branches of the dungeon, and saw 21 of its levels.
You also visited: Sewer and Ice Cave.

You collected 3389 gold pieces.
You spent 2513 gold pieces at shops.

Inventory:

Hand Weapons
 t - a +1 war axe of flaming (weapon)
 A - a +0 broad axe
Armour
 i - a +0 kite shield (worn)
 m - a +2 pair of gloves (worn)
 w - a +2 pair of boots (worn)
 y - a scarf of repulsion (worn)
 N - the +0 plate armour of Caxucilo (worn) {rPois rCorr}
   (You bought it in a shop on level 2 of the Orcish Mines)

   rPois:     It protects you from poison rCorr: It protects you from acid and
   corrosion.
 X - a +0 helmet (worn)
Jewellery
 f - a ring of protection from cold
 z - an amulet of the acrobat (around neck)
 F - a ring of flight (left hand)
 H - the ring "Juen" (right hand) {+Blink rF++ Int-5 Dex+6 Stlth+}
   (You bought it in a shop on level 2 of the Orcish Mines)

   [ring of dexterity]

   Int-5:     It affects your intelligence (-5).
   Dex+6:     It affects your dexterity (+6).
   rF++:      It greatly protects you from fire.
   +Blink:    It lets you blink.
   Stlth+:    It makes you more stealthy.
 M - a +4 ring of protection
Wands
 b - a wand of flame (57)
 j - a wand of quicksilver (17)
 s - a wand of polymorph (14)
 K - a wand of paralysis (11)
 O - a wand of roots (6)
Scrolls
 e - 8 scrolls of poison
 h - 5 scrolls of noise
 l - 8 scrolls of teleportation
 o - a scroll of enchant armour
 p - 4 scrolls of immolation
 q - 3 scrolls of fear
 u - 5 scrolls of vulnerability
 C - 3 scrolls of blinking
 G - 5 scrolls of summoning
 J - 5 scrolls of enchant weapon
 Q - 2 scrolls of amnesia
 S - 2 scrolls of fog
 Y - 6 scrolls of identify
Potions
 d - 4 potions of mutation
 g - 5 potions of invisibility
 k - 2 potions of resistance
 n - 8 potions of curing
 r - 2 potions of cancellation
 v - 3 potions of brilliance
 x - 2 potions of attraction
 B - a potion of enlightenment
 I - a potion of berserk rage
 L - 2 potions of ambrosia
 R - 2 potions of haste
 T - a potion of might
 V - 2 potions of lignification
Miscellaneous
 a - a phial of floods
 D - a phantom mirror
 U - a tin of tremorstones (2/2)


   Skills:
 + Level 15.0 Fighting
 + Level 18.0 Axes
 + Level 13.1 Armour
 + Level 13.0 Shields
 + Level 14.6 Invocations
 + Level 6.7 Evocations


You had 14 spell levels left.
You didn't know any spells.
Your spell library contained the following spells:

 Spells                   Type           Power      Damage    Failure   Level
 Freeze                   Ice            0%         1d3       100%        1
 Kiss of Death            Conj/Necr      0%         2d5       100%        1
 Magic Dart               Conj           0%         1d3       100%        1
 Sandblast                Erth           0%         2d4       100%        1
 Blink                    Tloc           0%         N/A       100%        2
 Lesser Beckoning         Tloc           0%         N/A       100%        2
 Momentum Strike          Conj/Tloc      0%         3d8       100%        2
 Searing Ray              Conj           0%         2d4       100%        2
 Confusing Touch          Hex            0%         N/A       100%        3
 Frozen Ramparts          Ice            0%         1d1       100%        3
 Fugue of the Fallen      Necr           0%         N/A       100%        3
 Gell's Gravitas          Tloc           0%         N/A       100%        3
 Hailstorm                Conj/Ice       0%         3d5       100%        3
 Ozocubu's Armour         Ice            0%         N/A       100%        3
 Passwall                 Erth           0%         N/A       100%        3
 Stone Arrow              Conj/Erth      0%         3d7       100%        3
 Summon Ice Beast         Ice/Summ       0%         N/A       100%        3
 Teleport Other           Tloc           0%         N/A       100%        3
 Brom's Barrelling Bould  Conj/Erth      0%         2d3       100%        4
 Dispel Undead            Necr           0%         3d6       100%        4
 Fulminant Prism          Conj/Alch      0%         3d5       100%        4
 Manifold Assault         Tloc           0%         N/A       100%        4
 Summon Forest            Summ/Tloc      0%         N/A       100%        5
 Summon Mana Viper        Hex/Summ       0%         N/A       100%        5
 Dispersal                Tloc           0%         N/A       100%        6
 Sculpt Simulacrum        Ice/Alch       0%         N/A       100%        6
 Summon Cactus Giant      Summ           0%         N/A       100%        6


Dungeon Overview and Level Annotations

Branches:
Dungeon (13/15)            Temple (1/1) D:4            Lair (5/5) D:11
 Shoals (0/4) Lair:2       Spider (0/4) Lair:2        Slime (0/5) Lair:4
    Orc (2/2) D:9             Elf (0/3) Orc:2        Vaults (0/5) D:13
  Sewer (visited)           IceCv (visited)

Altars:
Ashenzari
Cheibriados
Dithmenos
Elyvilon
Fedhas
Gozag
Hepliaklqana
Kikubaaqudgha
Makhleb
Nemelex Xobeh
Okawaru
Qazlal
Ru
Sif Muna
Trog
Uskayaw
Vehumet
Wu Jian
Xom
Yredelemnul
Zin
The Shining One

Shops:
D:9 *   Orc:2 [?=![

Portals:
Pandemonium: Orc:2

Annotations:
D:2 Sigmund


Innate Abilities, Weirdness & Mutations

You possess an exceptional clarity of mind.
Your flesh is heat resistant. (rF+)
You are frail. (-10% HP)


Message History

You feel momentarily confused.
You barely miss the deep elf archer.
The deep elf archer is almost dead.
You feel sick.
The deep elf archer hits you but does no damage.
You are more poisoned.
You slash the deep elf archer! You burn the deep elf archer.
You kill the deep elf archer!
You feel very sick.
You feel very sick.
Things that are here:
a +1 dagger of venom; a +0 longbow; a +0 leather armour You start resting.
You feel very sick.
You feel sick. x4
You are no longer poisoned.
HP restored.
There is an open door, spattered with blood here.
Items here: ) [[ †.
You see here a +0 arbalest.
Done exploring.
Search for what [Enter for "."]? .
You feel yourself speed up.
You see here a +0 arbalest.
There is an open door, spattered with blood here.
Items here: ) [[ †.
i - a +0 kite shield You start removing your armour.
You continue taking off your +0 buckler. x4
You finish taking off your +0 buckler.
You start putting on your armour.
You continue putting on your +0 kite shield. x5
You finish putting on your +0 kite shield.
You drop a +0 buckler.
Search for what [Enter for "."]? .
Saving game... please wait.
Welcome back, groovy9 the Hill Orc Fighter.
Nemelex Xobeh says: It's all in the cards!
Press ? for a list of commands and other information.
Are you sure you want to abandon this character and quit the game? (Confirm with "yes".)

## ### ..# #### #.#
##..# #.#
##.~≈######### #.#
##.~≈≈#...#...# #.#
#.~≈≈≈...)[..)# #.#
#.~≈≈≈....#.@.# #.#
#.~≈≈≈#####...# #.#
#.~~≈≈# #...# #[#
#..~~~#####[..#####
#.###.....'.......#⌠.⌠#
#.##......'...#...[.∩.#
#.#.......'.......#⌠.⌠#
....#..~~~#####...#####
#..##.~≈≈≈# #)..#


There were no monsters in sight!

Vanquished Creatures
  2 azure jellies (IceCv)
  The ghost of Mesiumm the Martial Artist, a journeyman DsGl of Kikubaaqudgha (Lair:1)
  Harold (D:11)
  3 hydras
  3 vault guards (D:13)
  An alligator (Lair:3)
  3 catoblepae
  2 boulder beetles (D:13)
  3 two-headed ogres
  Erica (D:10)
  A deep troll shaman (Lair:5)
  3 death yaks
  2 orc high priests (Orc:2)
  Amaemon (D:10)
  Nergalle (D:12)
  A skeletal warrior (D:13)
  A spectral death yak (Lair:1)
  2 skysharks
  Lodul (D:11)
  3 swamp dragons (Lair:3)
  A lindwurm (Lair:5)
  A deep elf archer (D:13)
  5 orc knights
  3 deep elf pyromancers (D:13)
  10 orc sorcerers
  5 cyclopes
  A manticore (D:13)
  3 ugly things
  20 elephants
  A kobold blastminer (Orc:2)
  An ice statue (IceCv)
  A black mamba (Lair:3)
  2 orange demons (D:10)
  A rust devil (Orc:2)
  An unseen horror (D:13)
  2 gargoyles (D:13)
  12 cane toads
  3 kobold demonologists
  2 rime drakes
  8 komodo dragons
  A yaktaur (D:13)
  4 ice devils
  Psyche (D:8)
  8 trolls
  A red devil (D:10)
  A merfolk (shapeshifter) (Orc:1)
  2 polar bears (Lair:5)
  14 slime creatures
  A snapping turtle (Lair:2)
  7 dream sheep (Lair:3)
  A ynoxinul (Orc:2)
  A spriggan (Lair:4)
  6 wyverns
  A vampire (D:13)
  A water elemental (Lair:2)
  A shadow (D:13)
  A basilisk (D:11)
  A neqoxec (D:10)
  A human (D:9)
  33 yaks
  2 wargs
  A death yak simulacrum (Lair:1)
  3 steam dragons
  8 vampire mosquitoes
  6 swamp worms (Lair:3)
  A spectral cane toad (Lair:1)
  2 great orb of eyes simulacra (IceCv)
  2 acid dragons
  A hydra simulacrum (Lair:1)
  16 water moccasins
  3 black bears
  A laughing skull (D:13)
  32 orc warriors
  A sky beast (D:7)
  A black mamba simulacrum (Lair:1)
  12 ogres
  23 wolves
  A phantom (D:4)
  4 centaurs
  4 slime creature simulacra (IceCv)
  12 bullfrogs
  4 kobold brigands
  A gnoll sergeant (D:11)
  4 glowing shapeshifter simulacra (IceCv)
  5 scorpions
  7 wights
  4 killer bees
  5 electric eels
  4 howler monkeys
  A vampire bat (Orc:1)
  2 bombardier beetles
  A lava snake (Lair:4)
  A quasit (D:10)
  A gnoll bouda (D:7)
  4 hounds
  19 orc priests
  4 jellies
  Crazy Yiuf (D:7)
  A sleepcap (D:6)
  2 iguanas
  10 orc wizards
  7 hell rats (Lair:5)
  4 shapeshifter simulacra (IceCv)
  9 gnolls
  4 adders
  A river rat (Lair:1)
  4 white imps (D:6)
  6 ribbon worms
  3 dart slugs
  63 orcs
  3 ball pythons
  15 bats
  10 endoplasms
  5 giant cockroaches
  5 hobgoblins
  4 jackals (D:2)
  2 quokkas
  7 frilled lizards
  10 goblins
  24 kobolds
  4 rats
613 creatures vanquished.

Vanquished Creatures (collateral kills)
  3 orc high priests (Orc:2)
  A sun demon (Orc:2)
  2 orc knights (Orc:2)
  A rust devil (Orc:2)
  3 orc warriors (Orc:2)
  4 orc priests (Orc:2)
14 creatures vanquished.

Vanquished Creatures (others)
  A slime creature (IceCv)
  An orc wizard (Orc:2)
2 creatures vanquished.

Grand Total: 629 creatures vanquished

Notes
Turn   | Place    | Note
-------+----------+-------------------------------------------
     0 | D:1      | groovy9 the Hill Orc Fighter began the quest for the Orb.
     0 | D:1      | Reached XP level 1. HP: 19/19 MP: 1/1
    45 | D:1      | Reached skill level 3 in Axes
    77 | D:1      | Reached XP level 2. HP: 18/27 MP: 2/2
   925 | D:2      | Reached skill level 4 in Axes
   925 | D:2      | Reached XP level 3. HP: 33/33 MP: 3/3
  1292 | D:2      | Reached XP level 4. HP: 41/41 MP: 4/4
  1434 | D:2      | Noticed Sigmund
  1833 | D:3      | Found an ornate altar of the Wu Jian Council.
  1951 | D:3      | Reached skill level 5 in Axes
  1956 | D:3      | Found a glowing drain.
  1960 | Sewer    | Entered a sewer
  1977 | Sewer    | Noticed a kobold brigand
  1983 | Sewer    | Killed a kobold brigand
  1984 | Sewer    | Reached XP level 5. HP: 26/47 MP: 5/5
  2127 | Sewer    | Reached skill level 5 in Fighting
  2144 | Sewer    | Noticed a kobold brigand
  2160 | Sewer    | Killed a kobold brigand
  2161 | Sewer    | Reached skill level 6 in Axes
  2501 | D:3      | Reached XP level 6. HP: 46/56 MP: 6/6
  2903 | D:4      | Reached skill level 7 in Axes
  3049 | D:4      | Gained mutation: You possess an exceptional clarity of
                  | mind. [potion of mutation]
  3049 | D:4      | Gained mutation: Your flesh is heat resistant. (rF+)
                  | [potion of mutation]
  3482 | D:4      | Reached skill level 8 in Axes
  3482 | D:4      | Reached XP level 7. HP: 57/63 MP: 7/7
  3666 | D:4      | Found a staircase to the Ecumenical Temple.
  3672 | Temple   | Entered the Ecumenical Temple
  3682 | Temple   | Became a worshipper of Nemelex Xobeh the Trickster
  3968 | D:5      | Entered Level 5 of the Dungeon
  4023 | D:5      | Reached skill level 1 in Invocations
  4214 | D:5      | Noticed a yak
  4214 | D:5      | Noticed a yak
  4214 | D:5      | Noticed a yak
  4279 | D:5      | Reached * piety under Nemelex Xobeh
  4332 | D:5      | Found a stormy altar of Qazlal.
  4446 | D:5      | Reached skill level 9 in Axes
  4502 | D:5      | Killed a yak
  4503 | D:5      | Reached XP level 8. HP: 68/71 MP: 9/9
  4508 | D:5      | Killed a yak
  4513 | D:5      | Killed a yak
  4723 | D:5      | Found a burning altar of Makhleb.
  4736 | D:5      | Received a gift from Nemelex Xobeh
  4815 | D:5      | Identified the +1 robe of Aronnaze {rF+}
  4977 | D:5      | Found a shadowy altar of Dithmenos.
  5065 | D:6      | Found a radiant altar of Vehumet.
  5237 | D:6      | Identified a scroll of acquirement
  5237 | D:6      | Acquired 921 gold pieces
  5388 | D:6      | Reached skill level 10 in Axes
  5490 | D:6      | Noticed a two-headed ogre
  5496 | D:6      | Killed a two-headed ogre
  5497 | D:6      | Reached skill level 5 in Armour
  5497 | D:6      | Reached skill level 5 in Shields
  5497 | D:6      | Reached XP level 9. HP: 56/80 MP: 10/12
  5619 | D:6      | Reached skill level 11 in Axes
  5664 | D:6      | Reached skill level 5 in Invocations
  5870 | D:6      | Found a snail-covered altar of Cheibriados.
  5997 | D:6      | Reached ** piety under Nemelex Xobeh
  6667 | D:7      | Found a runed translucent door.
  6668 | D:7      | Noticed Crazy Yiuf
  6781 | D:7      | Killed Crazy Yiuf
  7250 | D:8      | Found a basalt altar of Yredelemnul.
  7257 | D:7      | Reached skill level 12 in Axes
  7331 | D:8      | Reached XP level 10. HP: 80/90 MP: 14/14
  7534 | D:8      | Found a white marble altar of Elyvilon.
  7536 | D:8      | Found a glowing golden altar of the Shining One.
  7537 | D:8      | Found a glowing silver altar of Zin.
  7951 | D:8      | Noticed Psyche
  7965 | D:8      | Killed Psyche
  8302 | D:9      | Reached *** piety under Nemelex Xobeh
  8316 | D:9      | Received a gift from Nemelex Xobeh
  8540 | D:9      | Received a gift from Nemelex Xobeh
  8894 | D:9      | Found a staircase to the Orcish Mines.
  8953 | D:9      | Found Gofia's General Store.
  8961 | D:9      | Bought a scroll of enchant armour for 112 gold pieces
  8961 | D:9      | Bought a scroll of blinking for 112 gold pieces
  8961 | D:9      | Bought a potion of heal wounds for 75 gold pieces
  9023 | D:9      | Received a gift from Nemelex Xobeh
  9338 | D:9      | Reached skill level 13 in Axes
  9630 | D:10     | Entered Level 10 of the Dungeon
  9806 | D:10     | Noticed Erica
  9826 | D:10     | Killed Erica
  9827 | D:10     | Reached XP level 11. HP: 31/99 MP: 16/16
 10073 | D:10     | Found a shimmering altar of Xom.
 10077 | D:10     | Found a shimmering altar of Xom.
 10191 | D:10     | Noticed Amaemon
 10201 | D:10     | Killed Amaemon
 10202 | D:10     | Reached skill level 10 in Fighting
 10452 | D:10     | Noticed a two-headed ogre
 10465 | D:10     | Killed a two-headed ogre
 10954 | D:10     | Received a gift from Nemelex Xobeh
 11316 | D:10     | Found a hide-covered altar of Uskayaw.
 11441 | D:11     | Reached **** piety under Nemelex Xobeh
 11518 | D:11     | Noticed Lodul
 11530 | D:11     | Killed Lodul
 11540 | D:11     | Reached skill level 14 in Axes
 11809 | D:11     | Noticed a cyan ugly thing
 11818 | D:11     | Killed a cyan ugly thing
 12046 | D:11     | Noticed a cyclops
 12047 | D:11     | Noticed Harold
 12077 | D:11     | Killed Harold
 12078 | D:11     | Reached XP level 12. HP: 73/110 MP: 19/19
 12326 | D:11     | Reached skill level 10 in Invocations
 12404 | D:11     | Found a staircase to the Lair.
 12553 | D:11     | Received a gift from Nemelex Xobeh
 12961 | Lair:1   | Entered Level 1 of the Lair of Beasts
 13284 | Lair:1   | Received a gift from Nemelex Xobeh
 13520 | Lair:1   | Found a frozen archway.
 13531 | IceCv    | Entered an ice cave
 13737 | IceCv    | Reached skill level 15 in Axes
 13861 | IceCv    | Reached ***** piety under Nemelex Xobeh
 14339 | IceCv    | Reached skill level 10 in Armour
 14414 | IceCv    | Found a viscous altar of Jiyva.
 14414 | IceCv    | Noticed an azure jelly
 14424 | IceCv    | Killed an azure jelly
 14425 | IceCv    | Reached skill level 10 in Shields
 14493 | IceCv    | Noticed an azure jelly
 14506 | IceCv    | Killed an azure jelly
 14657 | IceCv    | Identified the +1 robe of the Akabeko {Dex+3}
 14663 | IceCv    | Identified the ring "Biry" {Ice +Blink Str+4}
 14789 | Lair:1   | Reached XP level 13. HP: 102/118 MP: 21/21
 14865 | Lair:1   | Received a gift from Nemelex Xobeh
 15137 | Lair:1   | Found a runed translucent gate.
 15137 | Lair:1   | Found a runed translucent gate.
 15137 | Lair:1   | Found a runed translucent gate.
 15180 | Lair:1   | Noticed Mesiumm's ghost (journeyman DsGl)
 15339 | Lair:1   | Killed Mesiumm's ghost
 15903 | Lair:2   | Received a gift from Nemelex Xobeh
 15970 | Lair:2   | Found a hole to the Spider Nest.
 16177 | Lair:2   | Received a gift from Nemelex Xobeh
 16359 | Lair:2   | Found a staircase to the Shoals.
 17267 | Lair:3   | Reached skill level 1 in Evocations
 17492 | Lair:3   | Reached skill level 16 in Axes
 17767 | Lair:3   | Received a gift from Nemelex Xobeh
 19259 | Lair:4   | Reached XP level 14. HP: 62/129 MP: 23/23
 19501 | Lair:4   | Found a staircase to the Slime Pits.
 19627 | Lair:4   | Received a gift from Nemelex Xobeh
 19952 | Lair:4   | Received a gift from Nemelex Xobeh
 20558 | Lair:5   | Entered Level 5 of the Lair of Beasts
 21636 | Lair:5   | Received a gift from Nemelex Xobeh
 21822 | Lair:5   | Reached skill level 17 in Axes
 22428 | Lair:5   | Found the ring of the Mage {Wiz Archmagi}
 22433 | Lair:5   | Identified the +0 long sword "Fapulig" {elec, rElec rF+
                  | Str+2}
 22698 | Orc:1    | Entered Level 1 of the Orcish Mines
 22927 | Orc:2    | Entered Level 2 of the Orcish Mines
 22962 | Orc:2    | Found Sotwo's Antique Armour Shoppe.
 23116 | Orc:2    | Reached skill level 5 in Evocations
 23473 | Orc:2    | Found a staircase to the Elven Halls.
 23896 | Orc:2    | Received a gift from Nemelex Xobeh
 23995 | Orc:2    | Found Vetwodgh's Distillery.
 23996 | Orc:2    | Found Ytahois's Magic Scroll Shop.
 24218 | Orc:2    | Bought a potion of curing for 42 gold pieces
 24218 | Orc:2    | Bought a potion of curing for 42 gold pieces
 24218 | Orc:2    | Bought a potion of curing for 42 gold pieces
 24218 | Orc:2    | Bought a potion of mutation for 112 gold pieces
 24246 | Orc:2    | Bought a scroll of enchant weapon for 120 gold pieces
 24350 | Orc:2    | Reached XP level 15. HP: 123/138 MP: 25/25
 24425 | Orc:2    | Paralysed by an orc sorcerer for 5 turns
 24728 | Orc:2    | Gained mutation: You are frail. (-10% HP) [a neqoxec]
 24765 | Orc:2    | Found Tannulur's Antique Armour Emporium.
 24765 | Orc:2    | Found Kamepong's Jewellery Shoppe.
 24766 | Orc:2    | Found a one-way gate leading to the halls of Pandemonium.
 24770 | Orc:2    | Bought the ring "Juen" {+Blink rF++ Int-5 Dex+6 Stlth+} for
                  | 1016 gold pieces
 24774 | Orc:2    | Bought a shimmering plate armour for 840 gold pieces
 24774 | Orc:2    | Identified the +0 plate armour of Caxucilo {rPois rCorr}
                  | (You bought it in a shop on level 2 of the Orcish Mines)
 25507 | D:12     | Noticed Nergalle
 25522 | D:12     | Killed Nergalle
 26728 | D:13     | Received a gift from Nemelex Xobeh
 27897 | D:13     | Paralysed by an orc sorcerer for 2 turns
 28019 | D:13     | Found a gate to the Vaults.
 28044 | D:13     | Reached skill level 18 in Axes
 28179 | D:13     | Reached skill level 15 in Fighting
 28313 | D:13     | Quit the game

Illustrated notes

Levels and vault maps discovered:
D:1:      lightli_arrival_windingriver, layout_basic
D:2:      layout_basic, uniq_sigmund
D:3:      layout_loops_cross, mainiacjoe_overflow_tiny_flanked,
          gup_sewer_entry_bowl
D:4:      layout_basic, minmay_temple_entry_gardened_gates, minmay_misc_feat_chi
D:5:      layout_basic, mainiacjoe_overflow_paths, lemuel_tele_altar,
          nicolae_overflow_hidden_temple
D:6:      layout_loops_ring, mainiacjoe_overflow_concentric_impassable,
          cheibriados_altar_1, kennysheep_big_empty_room,
          kennysheep_minor_cross, minmay_bent
D:7:      layout_loops_ring, kennysheep_small_circle, uniq_crazy_yiuf_cottage
D:8:      layout_loops_cross, dreamdust_divine_triumvirate,
          yredelemnul_altar_generic, uniq_psyche
D:9:      layout_roguey, erik_orc_4, serial_shops, shop, fungi_pond_lemuel
D:10:     layout_cave_pods, kennysheep_mini, xom_redecorated,
          nicolae_lava_and_water, nicolae_neqoxec_dot_bat, uniq_amaemon,
          uniq_erica
D:11:     layout_irregular_city, minmay_lair_entry_grove, uniq_lodul,
          uniq_harold
D:12:     layout_roguey, uniq_nergalle
D:13:     minmay_clustersquares, layout_basic, grunt_vaults_entry_fortified
Temple:   hellmonk_temple_rainy
Lair:1:   layout_cave_pods, portal_ice_cave_rime, gammafunk_ghost_necromancy,
          serial_bayou_pond_d, grunt_megastairs_2
Lair:2:   layout_regular_city, minmay_shoals_entry_hut, dummy_spider_entry,
          serial_bayou_shore_b
Lair:3:   onia_ninara_swampy_vault, layout_layer_cave, serial_bayou,
          serial_bayou_lagoon_a, serial_bayou_crossing, serial_bayou_pond_c,
          serial_bayou_ford_a, beast_lair_carwin_1
Lair:4:   layout_gridlike, slime_entry_1, grunt_forest_large_clearing_hut,
          grunt_megastairs_3
Lair:5:   grunt_lair_end_beastmaster, layout_cave_shapes,
          infiniplex_staircase_pool_2
Orc:1:    layout_caves, roderic_batcave
Orc:2:    pf_orc_diabolical, layout_diamond_mine, serial_shops, shop,
          statue_in_the_mist_lemuel, lemuel_statue_altar

Skill      XL: |  1  2  3  4  5  6  7  8  9 10 11 12 13 14 15 |
---------------+----------------------------------------------+-----
Axes           | 3 4 5 6 8 9 10 12 13 14 15 16 17 18 | 18.0
Fighting       | 4 5 6 7 8 9 11 12 13 14 15 | 15.0
Invocations    | 2 4 5 7 9 11 12 13 14 | 14.6
Armour         | 5 6 7 9 10 11 12 13 | 13.1
Shields        | 5 6 7 8 10 11 12 13 | 13.0
Evocations     | 3 5 6 |  6.7

Action                     |  1- 3 |  4- 6 |  7- 9 | 10-12 | 13-15 || total
---------------------------+-------+-------+-------+-------+-------++-------
  Melee: War axe           |   113 |   177 |   224 |   672 |  1422 ||  2608
 Invoke: Draw Destruction  |       |       |       |     7 |    31 ||    38
         Deal Four         |       |       |       |       |     5 ||     5
         Draw Summoning    |       |       |       |       |     2 ||     2
         Draw Escape       |       |       |       |       |     2 ||     2
    Use: Potion            |       |     3 |     1 |    14 |     4 ||    22
         Scroll            |       |    11 |     7 |     6 |     5 ||    29
   Stab: Petrified         |       |       |       |       |     2 ||     2
         Distracted        |       |       |       |       |     1 ||     1
 Armour: Scale mail        |    88 |   129 |    59 |    61 |       ||   337
         Chain mail        |       |       |    60 |   134 |       ||   194
         Plate armour      |       |       |       |   225 |  1023 ||  1248
         Skin              |       |       |       |    19 |     2 ||    21
  Dodge: Dodged            |    49 |    76 |    98 |   253 |   351 ||   827
         Repelled          |       |       |       |       |     3 ||     3
  Block: Buckler           |    26 |    37 |    41 |   126 |   305 ||   535
